 Dungeon Crawl Stone Soup version 0.29-a0-334-gb41bcbb86e (webtiles) character file.

Game seed: 8622807188288101283

158942 Dyamorph the Thaumaturge (level 17, -1/131 HPs)
             Began as a Mummy Ice Elementalist on Apr 15, 2022.
             Was an Initiate of Gozag.
             Slain by a redback (8 damage)
             ... on level 3 of the Spider Nest.
             The game lasted 02:14:27 (39776 turns).

Dyamorph the Thaumaturge (Mummy Ice Elementalist)  Turns: 39776, Time: 02:14:27

Health: -1/131     AC: 30    Str: 21 (22) XL:     17   Next: 15%
Magic:  26/34      EV:  5    Int: 33 (34) God:    Gozag
Gold:   566        SH:  0    Dex: 12 (13) Spells: 16/43 levels left

rFire   + + .      SeeInvis +   F - +5 demon whip (freeze)
rCold   + + +      Faith    .   L - +2 buckler {AC+3}
rNeg    + + +      Spirit   .   j - +10 chain mail "Jepy" {Rampage Str+4 Int-2 Stlth+}
rPois   ∞          Reflect  +   P - +1 helmet {SInv}
rElec   +          Harm     .   l - scarf {rC+ rF+}
rCorr   +          Rampage  +   B - +2 pair of gloves of Rijudapo {Int+4 Stlth+}
Will    ++...      Archmagi +   m - +0 pair of boots
Stlth   +.........              d - amulet "Sysegog" {Reflect Int+4 SH+5}
HPRegen 0.31/turn               n - ring of the Mage {Wiz Archmagi}
MPRegen 0.24/turn               G - ring "Ogaem" {Drain rF+ rC+ Str+6 Int+7}

@: brilliant, resistant, spiked, gold aura, held, slowed, studying Fighting,
very slow
A: cold resistance 1, negative energy resistance 3, torment resistance 2, heat
vulnerability 1, in touch with death 2, no potions
a: Renounce Religion, Potion Petition, Call Merchant, Bribe Branch


You were on level 3 of the Spider Nest.
You worshipped Gozag.
Gozag was pleased with you.
You visited 5 branches of the dungeon, and saw 27 of its levels.
You also visited: Trove and Ice Cave.

You collected 10751 gold pieces.
You spent 4325 gold pieces at shops.
You paid 5860 gold pieces to Gozag.

Inventory:

Hand Weapons
 F - a +5 demon whip of freezing (weapon)
 H - the +3 war axe of Starshine {venom, Fly rN+}
   (You found it in a treasure trove)

   It poisons the flesh of those it strikes.
   rN:        It protects you from negative energy.
   Fly:       It grants you flight.
 I - a +4 vorpal fustibalus
Missiles
 z - 15 javelins
Armour
 j - the +10 chain mail "Jepy" (worn) {Rampage Str+4 Int-2 Stlth+}
   (You found it on level 11 of the Dungeon)

   Str:       It affects your strength (+4).
   Int:       It affects your intelligence (-2).
   Rampage:   It bestows one free step when moving towards enemies.
   Stlth:     It makes you more stealthy.
 l - a scarf of resistance (worn)
 m - a +0 pair of boots (worn)
 B - the +2 pair of gloves of Rijudapo (worn) {Int+4 Stlth+}
   (You bought it in a shop on level 12 of the Dungeon)

   Int:       It affects your intelligence (+4).
   Stlth:     It makes you more stealthy.
 L - a +2 buckler of protection (worn)
 P - a +1 helmet of see invisible (worn)
Magical Staves
 a - a staff of earth
Jewellery
 d - the amulet "Sysegog" (around neck) {Reflect Int+4 SH+5}
   (You found it in a treasure trove)

   [amulet of reflection]

   It reflects blocked missile attacks.
   Int:       It affects your intelligence (+4).
   SH:        It affects your SH (+5).
 i - the ring of Dinul {Drain Fly rElec Str+7 Int+4}
   (You found it on level 15 of the Dungeon)

   [ring of flight]

   Str:       It affects your strength (+7).
   Int:       It affects your intelligence (+4).
   rElec:     It insulates you from electricity.
   Fly:       It grants you flight.
   Drain:     It drains your maximum health when unequipped.
 n - the ring of the Mage (left hand) {Wiz Archmagi}
   (You bought it in a shop on level 1 of the Lair of Beasts)

   [ring of wizardry]

   It improves your spell success rate.
   Archmagi:  It increases the power of your magical spells.
 E - an amulet of magic regeneration
 G - the ring "Ogaem" (right hand) {Drain rF+ rC+ Str+6 Int+7}
   (You acquired it on level 4 of the Lair of Beasts)

   [ring of strength]

   Str:       It affects your strength (+6).
   Int:       It affects your intelligence (+7).
   rF:        It protects you from fire.
   rC:        It protects you from cold.
   Drain:     It drains your maximum health when unequipped.
Wands
 b - a wand of mindburst (6)
 h - a wand of charming (3)
 p - a wand of polymorph (12)
 s - a wand of flame (27)
 A - a wand of iceblast (24)
 D - a wand of digging (10)
Scrolls
 c - 6 scrolls of immolation
 e - 5 scrolls of enchant armour
 f - 3 scrolls of fog
 g - 8 scrolls of vulnerability
 r - 3 scrolls of amnesia
 t - 9 scrolls of identify
 u - 5 scrolls of holy word
 v - 2 scrolls of magic mapping
 w - 8 scrolls of teleportation
 x - 4 scrolls of fear
 C - a scroll of blinking
 J - 3 scrolls of summoning
Miscellaneous
 k - a tin of tremorstones (inert)


   Skills:
 + Level 11.0 Fighting
 - Level 8.0 Maces & Flails
 - Level 7.0 Armour
 - Level 7.0 Dodging
 - Level 1.5 Stealth
 - Level 6.0 Shields
 - Level 13.8 Spellcasting
 - Level 7.9 Conjurations
 - Level 11.7 Necromancy
 + Level 9.5 Ice Magic
 + Level 4.2 Air Magic
 - Level 10.5 Earth Magic
 - Level 5.0 Evocations


You had 16 spell levels left.
You knew the following spells:

 Your Spells              Type           Power      Damage    Failure   Level
a - Blink                 Tloc           100%       N/A       12%         2
b - Frozen Ramparts       Ice            100%       1d12      1%          3
c - Ozocubu's Armour      Ice            100%       N/A       1%          3
d - Stone Arrow           Conj/Erth      100%       3d13      1%          3
e - Borgnjor's Vile Clut  Necr/Erth      72%        N/A       2%          5
f - Iron Shot             Conj/Erth      56%        9d11      26%         6
g - Freezing Cloud        Conj/Ice/Air   51%        6-21      11%         5

Your spell library contained the following spells:

 Spells                   Type           Power      Damage    Failure   Level
 Foxfire                  Conj/Fire      100%       2x1d9     1%          1
 Freeze                   Ice            100%       1d11      1%          1
 Pain                     Necr           100%       1d9       1%          1
 Vampiric Draining        Necr           100%       2d13      1%          3
 Animate Dead             Necr           74%        N/A       1%          4
 Hailstorm                Conj/Ice       100%       3d20      2%          4
 Conjure Flame            Conj/Fire      83%        6-21      4%          3
 Dazzling Flash           Conj/Hex       100%       N/A       4%          3
 Animate Armour           Summ/Erth      100%       N/A       9%          4
 Petrify                  Tmut/Erth      92%        N/A       9%          4
 Death Channel            Necr           74%        N/A       10%         6
 Summon Ice Beast         Ice/Summ       89%        N/A       11%         4
 Flame Wave               Conj/Fire      83%        2d14      16%         4
 Iskenderun's Mystic Bla  Conj/Tloc      83%        2d16      16%         4
 Simulacrum               Ice/Necr       71%        N/A       16%         6
 Inner Flame              Hex/Fire       50%        N/A       22%         3
 Summon Lightning Spire   Summ/Air       70%        N/A       30%         4
 Irradiate                Conj/Tmut      41%        3d27      38%         5
 Manifold Assault         Tloc           50%        N/A       88%         5
 Summon Mana Viper        Hex/Summ       50%        N/A       88%         5
 Starburst                Conj/Fire      41%        6d12      89%         6
 Lehudib's Crystal Spear  Conj/Erth      56%        10d13     100%        8
 Maxwell's Capacitive Co  Air            43%        ∞         100%        8
 Polar Vortex             Ice            57%        N/A       100%        9
 Sublimation of Blood     Necr           Unusable   N/A       N/A         2
 Ice Form                 Ice/Tmut       Unusable   N/A       N/A         4
 Blade Hands              Tmut           Unusable   N/A       N/A         5
 Storm Form               Tmut/Air       Unusable   N/A       N/A         7
 Necromutation            Tmut/Necr      Unusable   N/A       N/A         8

Dungeon Overview and Level Annotations

Branches:
Dungeon (15/15)            Temple (1/1) D:6            Lair (6/6) D:11
  Swamp (0/4) Lair:4       Spider (3/4) Lair:4        Slime (0/5) Lair:6
    Orc (2/2) D:10            Elf (0/3) Orc:2        Vaults (0/5) D:14
 Depths (0/4) D:15          IceCv (visited)

Altars:
Ashenzari
Cheibriados
Dithmenos
Elyvilon
Fedhas
Gozag
Hepliaklqana
Kikubaaqudgha
Makhleb
Nemelex Xobeh
Okawaru
Qazlal
Ru
Sif Muna
Trog
Uskayaw
Vehumet
Wu Jian
Xom
Yredelemnul
Zin
The Shining One
Jiyva

Shops:
D:8 (   D:9 **   D:10 (   D:12 [(   D:14 [   D:15 :   Orc:2 :[::[=   Lair:1 =
Lair:3 :

Annotations:
D:8 2 transporters, Jortsu's ghost, novice FoFi
D:15 2 transporters
Lair:5 3 runed translucent doors, Ycoiwk's ghost, journeyman OpVM
Spider:3 Jorgrun; Nikola
Orc:1 3 runed translucent doors, P0WERM0DE's ghost, journeyman DsAK


Innate Abilities, Weirdness & Mutations

You are immune to poison.
Your flesh is cold resistant. (rC+)
You are immune to negative energy. (rN+++)
You are immune to unholy pain and torment.
You are vulnerable to heat. (rF-)
You are strongly in touch with the powers of death.
You do not drink.


Message History

As you read the scroll of torment, it crumbles to dust.
You feel a surge of unholy energy.
The jumping spider convulses!
The redback convulses!
The torpor snail convulses!
The steelbarb worm convulses!
The steelbarb worm is no longer distracted by gold.
You flicker back into view.
The jumping spider barely misses you.
The jumping spider bites you but does no damage.
The redback bites you but does no damage.
The jumping spider pounces on you but does no damage.
The jumping spider bites you.
* * * LOW HITPOINT WARNING * * *
The steelbarb worm hits you but does no damage.
The redback bites you but does no damage.
The torpor snail bites you but does no damage.
The jumping spider pounces on you but does no damage.
The jumping spider bites you but does no damage. [a] - 240 gold - invisibility and might [b] - 294 gold - might and resistance [c] - 345 gold - curing, magic and brilliance Purchase which effect?
You feel better. Magic courses through your body.
You feel clever all of a sudden. The redback completely misses you.
The steelbarb worm hits you but does no damage.
The jumping spider pounces on you.
* * * LOW HITPOINT WARNING * * *
The jumping spider bites you but does no damage.
The redback bites you but does no damage.
The steelbarb worm hits you.
* * * LOW HITPOINT WARNING * * *
Barbed spikes become lodged in your body.
The torpor snail bites you!
* * * LOW HITPOINT WARNING * * *
The jumping spider pounces on you.
* * * LOW HITPOINT WARNING * * *
The jumping spider bites you but does no damage.
The redback bites you!
You die...
Your body crumbles into a pile of gold.

#.########..#####
#.^.....#..##
#..........##
#..........##
.>##...........#
#..#...........#
#.............##
#.##...w......#
.#..^.....s@s..>.##
....##.^..$.w.....#
....##............#
≈........^........#
≈..$$^$.$....^...##
≈≈≈#..#...$.######
.≈≈..##$...# ≈≈..
..##.^.# ≈#y
..#####..#


You could see a steelbarb worm, a torpor snail, a jumping spider and a redback.

Vanquished Creatures
  Arachne (Spider:2)
  Frances (D:14)
  A tengu reaver (D:15)
  A frost giant (IceCv)
  A balrug (Orc:1)
  A ghost moth (Spider:3)
  Azrael (D:15)
  Nessos (D:15)
  An entropy weaver (Spider:2)
  3 spark wasps (Spider:2)
  Snorg (Lair:3)
  An ettin (D:15)
  Josephine (Lair:4)
  2 great orbs of eyes (D:15)
  4 vault guards (D:15)
  16 hydras
  2 rakshasas (D:15)
  A yaktaur captain (D:15)
  A jorogumo (Spider:2)
  Fannar (D:11)
  3 ogre magi (D:15)
  A catoblepas (Lair:5)
  2 radroaches (Spider:1)
  9 boulder beetles
  7 centaur warriors
  3 tengu warriors
  2 deep troll shamans (D:15)
  A death knight (D:15)
  A two-headed ogre (D:9)
  14 death yaks
  3 orc high priests (Orc:2)
  2 pharaoh ants (Spider:2)
  4 skeletal warriors (D:15)
  5 orb spiders
  2 goliath frogs (Lair:6)
  A glowing orange brain (D:15)
  A steelbarb worm (Spider:2)
  Pikel (D:5)
  9 deep elf pyromancers
  A lindwurm (Lair:2)
  7 orc knights
  9 ugly things
  7 wolf spiders
  4 manticores
  An oklob plant (D:11)
  13 cyclopes
  4 orc sorcerers (Orc:2)
  5 elephants
  3 moths of wrath
  Maurice (Orc:1)
  11 black mambas
  6 torpor snails
  4 demonic crawlers
  15 cane toads
  An ice statue (IceCv)
  An unseen horror (D:12)
  3 rime drakes
  A kobold demonologist (D:7)
  6 yaktaurs (D:15)
  A tengu conjurer (D:13)
  2 efreet (D:15)
  9 komodo dragons
  7 trolls
  14 polar bears
  12 tarantellas
  3 tyrant leeches (Lair:6)
  15 blink frogs
  8 slime creatures
  3 hornets
  20 jumping spiders
  A jumping spider (shapeshifter) (D:13)
  Sigmund (D:3)
  A spriggan (shapeshifter) (D:13)
  3 shadows
  12 culicivoras
  A vampire (D:14)
  7 wraiths
  72 yaks
  A fire bat (shapeshifter) (D:15)
  A wyvern (D:10)
  3 fire elementals (D:15)
  2 hogs (D:15)
  30 redbacks
  3 steam dragons
  Menkaure (D:4)
  16 vampire mosquitoes
  11 wargs
  12 basilisks
  An acid dragon (D:13)
  Edmund (D:4)
  20 water moccasins
  Duvessa (D:4)
  2 floating eyes (D:15)
  5 black bears
  3 ice beasts
  2 sky beasts
  24 orc warriors
  3 hell hounds (D:15)
  3 ogres
  27 wolves
  4 centaurs
  3 lemures (D:5)
  A kobold brigand (D:8)
  Blork the orc (D:6)
  23 bullfrogs
  A necrophage (D:5)
  2 gnoll sergeants (D:7)
  A scorpion (D:4)
  4 wights (D:8)
  Dowan (D:4)
  4 killer bees (D:11)
  5 howler monkeys
  9 electric eels
  3 hounds
  22 orc priests
  7 jellies
  Natasha (thrice) (D:3)
  8 iguanas
  Ijyb (D:3)
  26 orc wizards
  19 gnolls
  9 adders
  A white imp (D:8)
  An ufetubus (D:4)
  2 dart slugs (D:3)
  67 orcs
  10 ball pythons
  4 bats
  21 endoplasms
  3 giant cockroaches (D:3)
  8 goblins
  10 hobgoblins
  3 jackals (D:5)
  10 kobolds
  6 quokkas
  4 frilled lizards
  A rat (D:1)
  2 rat zombies (D:9)
  A bush (Lair:6)
891 creatures vanquished.

Vanquished Creatures (others)
  69 bushes
  47 fungi
  139 plants
255 creatures vanquished.

Grand Total: 1146 creatures vanquished

Notes
Turn   | Place    | Note
-------+----------+-------------------------------------------
     0 | D:1      | Dyamorph the Mummy Ice Elementalist began the quest for the
                  | Orb.
     0 | D:1      | Reached XP level 1. HP: 13/13 MP: 4/4
   346 | D:1      | Reached skill level 3 in Spellcasting
   437 | D:1      | Reached XP level 2. HP: 18/19 MP: 4/6
  1109 | D:2      | Gained mutation: You are in touch with the powers of death.
                  | [Mummy growth]
  1109 | D:2      | Reached XP level 3. HP: 17/24 MP: 2/8
  1265 | D:2      | Learned a level 3 spell: Frozen Ramparts
  1269 | D:2      | Learned a level 3 spell: Ozocubu's Armour
  1293 | D:2      | Reached skill level 4 in Spellcasting
  1826 | D:3      | Reached XP level 4. HP: 28/30 MP: 8/10
  1940 | D:3      | Noticed Sigmund
  2169 | D:4      | Noticed a scorpion
  2188 | D:4      | Killed a scorpion
  2189 | D:4      | Reached skill level 5 in Spellcasting
  2189 | D:4      | Reached XP level 5. HP: 35/35 MP: 2/12
  2268 | D:4      | Noticed Edmund
  2282 | D:4      | Killed Edmund
  2283 | D:4      | Reached XP level 6. HP: 31/41 MP: 1/14
  2410 | D:4      | Reached skill level 5 in Ice Magic
  2413 | D:4      | Reached skill level 6 in Spellcasting
  2577 | D:4      | Noticed Menkaure
  2583 | D:4      | Killed Menkaure
  2639 | D:4      | Noticed Dowan
  2641 | D:4      | Noticed Duvessa
  2660 | D:4      | Killed Duvessa
  2661 | D:4      | Reached XP level 7. HP: 46/46 MP: 3/17
  2673 | D:4      | Killed Dowan
  2674 | D:4      | Reached skill level 7 in Spellcasting
  3107 | D:3      | Killed Sigmund
  3304 | D:3      | Noticed Natasha
  3310 | D:3      | Killed Natasha
  3357 | D:3      | Noticed Natasha
  3363 | D:3      | Killed Natasha
  3548 | D:3      | Noticed Natasha
  3554 | D:3      | Killed Natasha
  3555 | D:3      | Reached skill level 8 in Spellcasting
  3599 | D:3      | Identified the +9 flail of Mamoirpho {venom, Str+2 Dex+3
                  | Stlth+}
  3810 | D:3      | Reached XP level 8. HP: 52/53 MP: 20/20
  3830 | D:3      | Found a blossoming altar of Fedhas.
  3850 | D:3      | Noticed Ijyb
  3853 | D:3      | Paralysed by Ijyb for 3 turns
  3857 | D:3      | Killed Ijyb
  3858 | D:3      | Reached skill level 1 in Fighting
  4030 | D:3      | Found a faded altar of an unknown god.
  4120 | D:5      | Entered Level 5 of the Dungeon
  4175 | D:5      | Reached skill level 1 in Maces & Flails
  4197 | D:5      | Noticed Pikel
  4208 | D:5      | Killed Pikel
  4379 | D:5      | Reached skill level 9 in Spellcasting
  4643 | D:5      | Found a snail-covered altar of Cheibriados.
  4657 | D:5      | Noticed a +0 dagger
  4657 | D:5      | Noticed a +0 hand axe
  4663 | D:5      | Found a hide-covered altar of Uskayaw.
  4735 | D:6      | Noticed Blork the orc
  4747 | D:6      | Killed Blork the orc
  4851 | D:6      | Reached XP level 9. HP: 64/64 MP: 19/22
  4922 | D:6      | Found a staircase to the Ecumenical Temple.
  4938 | Temple   | Entered the Ecumenical Temple
  5108 | Temple   | Became a worshipper of Gozag Ym Sagoz the Greedy
  5906 | D:6      | Learned a level 2 spell: Blink
  6166 | D:7      | Reached skill level 10 in Spellcasting
  6980 | D:7      | Noticed a boulder beetle
  6999 | D:7      | Noticed a kobold demonologist
  7001 | D:7      | Killed a boulder beetle
  7002 | D:7      | Reached XP level 10. HP: 54/73 MP: 18/24
  7007 | D:7      | Reached skill level 5 in Fighting
  7007 | D:7      | Reached skill level 11 in Spellcasting
  7438 | D:8      | Found Duzoliuh's Weapon Shoppe.
  7505 | D:8      | Noticed a skeletal warrior
  7576 | D:8      | Noticed a skeletal warrior
  7651 | D:8      | Found a transporter.
  7655 | D:8      | Found a hazy altar of Hepliaklqana.
  7656 | D:8      | Noticed Jortsu's ghost (novice FoFi)
  7721 | D:8      | Found a shimmering altar of Xom.
  7774 | D:8      | Reached skill level 5 in Maces & Flails
  7791 | D:8      | Reached skill level 1 in Evocations
  7862 | D:8      | Identified the +1 robe of Action {rCorr}
  8156 | D:8      | Found a transporter.
  8250 | D:9      | Found Hoicroal's Island Escapes.
  8319 | D:9      | Noticed a two-headed ogre
  8349 | D:9      | Killed a two-headed ogre
  8483 | D:9      | Found an ornate altar of the Wu Jian Council.
  8639 | D:9      | Found an ancient bone altar of Kikubaaqudgha.
  8819 | D:9      | Noticed a boulder beetle
  8830 | D:9      | Killed a boulder beetle
  8834 | D:9      | Found Ypedoten's Assorted Antiques.
  8991 | D:10     | Entered Level 10 of the Dungeon
  9138 | D:10     | Noticed a cyclops
  9190 | D:10     | Found a portal to a secret trove of treasure.
  9279 | D:10     | Reached XP level 11. HP: 83/83 MP: 21/26
  9341 | D:10     | Found a staircase to the Orcish Mines.
  9341 | D:10     | Found Duiptuis's Weapon Shop.
  9787 | D:11     | Noticed an oklob plant
  9999 | D:11     | Killed an oklob plant
 10206 | D:11     | Noticed a purple ugly thing
 10259 | D:11     | You fall into a shaft and drop 1 floor!
 10594 | D:11     | Found a staircase to the Lair.
 11045 | D:11     | Identified the +10 chain mail "Jepy" {Rampage Str+4 Int-2
                  | Stlth+}
 11061 | D:11     | Noticed a five-headed hydra
 11072 | D:11     | Killed a purple ugly thing
 11074 | D:11     | Killed a five-headed hydra
 11371 | D:11     | Noticed Fannar
 11733 | D:11     | Killed Fannar
 11734 | D:11     | Reached skill level 5 in Dodging
 11956 | Lair:1   | Entered Level 1 of the Lair of Beasts
 12027 | Lair:1   | Bought the ring of the Mage {Wiz Archmagi} for 663 gold
                  | pieces
 12027 | Lair:1   | Found the ring of the Mage {Wiz Archmagi}
 12218 | Lair:1   | Reached skill level 1 in Armour
 13339 | D:9      | Bought a scroll of blinking for 187 gold pieces
 13339 | D:9      | Bought a scroll of blinking for 187 gold pieces
 13406 | D:10     | You paid a toll of 5 scrolls of blinking to enter a
                  | treasure trove
 13407 | Trove    | Entered a treasure trove
 13426 | Trove    | Identified the amulet "Sysegog" {Reflect Int+4 SH+5}
 13450 | Trove    | Identified the +3 war axe of Starshine {venom, Fly rN+}
 13717 | D:10     | Reached skill level 5 in Evocations
 14080 | Lair:2   | Reached XP level 12. HP: 92/92 MP: 24/27
 14184 | Lair:2   | Noticed a six-headed hydra
 14984 | Lair:2   | Killed a six-headed hydra
 16085 | Lair:2   | Noticed an eight-headed hydra
 16092 | Lair:2   | Killed an eight-headed hydra
 16093 | Lair:2   | Reached skill level 5 in Armour
 17891 | Lair:3   | Noticed an eight-headed hydra
 17904 | Lair:3   | Killed an eight-headed hydra
 18415 | Lair:3   | Noticed an eight-headed hydra
 18416 | Lair:3   | Noticed a five-headed hydra
 18420 | Lair:3   | Killed an eight-headed hydra
 18421 | Lair:3   | Gained mutation: You are strongly in touch with the powers
                  | of death. [Mummy growth]
 18421 | Lair:3   | Reached XP level 13. HP: 59/98 MP: 22/28
 18422 | Lair:3   | Reached skill level 12 in Spellcasting
 18947 | Lair:4   | Noticed Snorg
 18959 | Lair:3   | Killed Snorg
 19199 | Lair:4   | Reached skill level 13 in Spellcasting
 19316 | Lair:4   | Noticed Josephine
 19371 | Lair:4   | Identified a scroll of acquirement
 19372 | Lair:4   | Acquired the ring "Ogaem" {Drain rF+ rC+ Str+6 Int+7}
 19622 | Lair:4   | Found a staircase to the Swamp.
 19726 | Lair:4   | Found a hole to the Spider Nest.
 19742 | Lair:4   | Learned a level 3 spell: Stone Arrow
 20133 | Lair:4   | Reached skill level 1 in Conjurations
 20133 | Lair:4   | Reached skill level 1 in Earth Magic
 20623 | Lair:4   | Killed Josephine
 20866 | Lair:5   | You fall into a shaft and drop 1 floor!
 20866 | Lair:6   | Entered Level 6 of the Lair of Beasts
 20866 | Lair:6   | Found a viscous altar of Jiyva.
 20866 | Lair:6   | Found a staircase to the Slime Pits.
 21368 | Lair:5   | Found a runed translucent gate.
 21369 | Lair:5   | Found a runed translucent gate.
 21370 | Lair:5   | Found a runed translucent gate.
 21370 | Lair:5   | Noticed Ycoiwk's ghost (journeyman OpVM)
 21388 | Lair:5   | Found a basalt altar of Yredelemnul.
 22368 | Lair:5   | Reached skill level 5 in Conjurations
 22368 | Lair:5   | Reached skill level 5 in Earth Magic
 22385 | Lair:5   | Reached XP level 14. HP: 54/105 MP: 7/31
 25835 | Lair:6   | Found a snail-covered altar of Cheibriados.
 26098 | Lair:6   | Got the Tome of the Oath
 26586 | D:12     | Bought a pair of spiked gloves for 313 gold pieces
 26586 | D:12     | Identified the +2 pair of gloves of Rijudapo {Int+4 Stlth+}
                  | (You bought it in a shop on level 12 of the Dungeon)
 26586 | D:12     | Bought a glowing buckler for 247 gold pieces
 26625 | D:12     | Reached skill level 1 in Shields
 26678 | D:12     | Learned a level 5 spell: Borgnjor's Vile Clutch
 26881 | D:12     | Found Itas Zyc's Antique Weapon Shoppe.
 27115 | D:12     | Reached skill level 1 in Necromancy
 29311 | D:14     | Reached XP level 15. HP: 77/110 MP: 19/32
 29343 | D:14     | Noticed Frances
 29647 | D:14     | Killed Frances
 29809 | D:14     | Found a gate to the Vaults.
 29903 | D:14     | Reached skill level 5 in Necromancy
 30127 | D:14     | Found a sparkling altar of Nemelex Xobeh.
 30454 | D:15     | Entered Level 15 of the Dungeon
 30503 | D:15     | Found a basalt altar of Yredelemnul.
 31085 | D:15     | Noticed Azrael
 31097 | D:15     | Killed Azrael
 31232 | D:15     | Identified the ring of Royalty {Drain Str+5 SInv}
 31739 | D:15     | Found a transporter.
 32056 | D:15     | Identified the ring of Jainedo {rPois Str+6 Dex+6 Stlth-}
 32063 | D:15     | Bought a book of Iron for 684 gold pieces
 32079 | D:15     | Learned a level 6 spell: Iron Shot
 32104 | D:15     | Found a transporter.
 32210 | D:15     | Reached skill level 5 in Shields
 32250 | D:15     | Found an ornate altar of the Wu Jian Council.
 32385 | D:15     | Noticed a tengu reaver
 32392 | D:15     | Killed a tengu reaver
 32788 | D:15     | Found a staircase to the Depths.
 32980 | D:15     | Identified the ring of the Blue Skies {rF- Int+6 Dex+5
                  | Stlth+}
 33193 | D:15     | Noticed Nessos
 33200 | D:15     | Killed Nessos
 33210 | D:15     | Reached XP level 16. HP: 80/117 MP: 6/33
 33420 | D:15     | Identified the ring of Dinul {Drain Fly rElec Str+7 Int+4}
 33461 | D:15     | Found a shimmering altar of Xom.
 33700 | Orc:1    | Entered Level 1 of the Orcish Mines
 33720 | Orc:1    | Noticed Maurice
 33727 | Orc:1    | Killed Maurice
 34077 | Orc:1    | Found a runed translucent door.
 34200 | Orc:1    | Found a runed translucent gate.
 34200 | Orc:1    | Found a runed translucent gate.
 34200 | Orc:1    | Found a runed translucent gate.
 34200 | Orc:1    | Noticed P0WERM0DE's ghost (journeyman DsAK)
 34336 | Orc:2    | Entered Level 2 of the Orcish Mines
 34428 | Orc:2    | Reached skill level 10 in Necromancy
 34617 | Orc:2    | Found Dikebet's Jewellery Shoppe.
 34642 | Orc:2    | Found a frozen archway.
 34651 | IceCv    | Entered an ice cave
 34698 | IceCv    | Reached skill level 10 in Earth Magic
 35125 | IceCv    | Got the Compendium of Snow
 35600 | Orc:2    | Found Azong's Book Shop.
 35767 | Orc:2    | Found a staircase to the Elven Halls.
 36362 | Orc:2    | Found Woppabbe's Antique Armour Emporium.
 36362 | Orc:2    | Found Borchomy's Book Emporium.
 36363 | Orc:2    | Found Teuzxo's Book Shop.
 36363 | Orc:2    | Found Otysaroluyd's Armour Shop.
 36371 | Orc:2    | Bought a brightly glowing scale mail for 252 gold pieces
 36371 | Orc:2    | Identified the +3 scale mail of the Lobster {Rampage Will+
                  | Stlth+} (You bought it in a shop on level 2 of the Orcish
                  | Mines)
 36408 | Orc:2    | Bought a manual of Fighting for 1120 gold pieces
 36547 | Orc:2    | Bought Dusk's Guide on Freezing Darkness for 672 gold
                  | pieces
 36554 | Orc:2    | Learned a level 5 spell: Freezing Cloud
 36780 | Spider:1 | Entered Level 1 of the Spider Nest
 36818 | Spider:1 | Reached skill level 1 in Air Magic
 38155 | Spider:2 | Noticed Arachne
 38163 | Spider:2 | Killed Arachne
 38505 | Spider:2 | Reached skill level 10 in Fighting
 38935 | Spider:2 | Reached XP level 17. HP: 128/128 MP: 28/34
 39018 | Spider:2 | Identified the +1 flail "Filat" {pain, rF- rC+ Str+2}
 39754 | Spider:3 | Noticed Nikola
 39754 | Spider:3 | Noticed Jorgrun
 39776 | Spider:3 | Slain by a redback

Illustrated notes

Levels and vault maps discovered:
D:1:      pf_arrival_petrified_forest, layout_loops_ring
D:2:      layout_rooms
D:3:      layout_basic, mainiacjoe_overflow_surrounded_room,
          chequers_ecumenical_altar_lobes, serial_bayou, serial_bayou_shore_b,
          serial_bayou_pond_e, serial_bayou_lagoon_b, serial_bayou_crossing,
          uniq_ijyb, uniq_sigmund, uniq_natasha
D:4:      layout_basic, grunt_ministairs_15, minmay_vboxes, uniq_edmund,
          uniq_menkaure, uniq_duvessa
D:5:      layout_rooms, dancing_weapons_uskayaw, cheibriados_altar_1, uniq_pikel
D:6:      layout_basic, minmay_temple_entry_large_hall,
          wad_floor_pattern_untrapped, chequers_arboretum, uniq_blork_the_orc
D:7:      minmay_chambers_of_sevens, layout_layer_cave, kennysheep_mini
D:8:      layout_basic, gammafunk_ghost_stat_death, serial_shops, shop,
          hangedman_feature_mirror
D:9:      layout_long_grid, lemuel_zombie_altar_kikubaaqudgha,
          nzn_wu_jian_council_hall, serial_shops, kennysheep_mini_moat,
          nicolae_island_escapes
D:10:     layout_loops_ring, orc_david_3, nicolae_trove_entry_isolated,
          kennysheep_boxes
D:11:     lemuel_slime, layout_loops_ring, erik_lair_orcish_takeover,
          serial_rivers, chequers_serial_rivers_micro_e,
          chequers_serial_rivers_room_b, chequers_serial_rivers_small_3,
          chequers_serial_rivers_room_b, uniq_fannar
D:12:     layout_long_grid, serial_shops, kennysheep_little_box,
          corexii_corridor_pit, minmay_puff
D:13:     layout_loops_corners
D:14:     layout_cross, david_vaults_1, minmay_misc_feat_columns, serial_park,
          serial_park_gazebo [serial_park_minivault_5x5_6], serial_park_square1
          [serial_park_minivault_5x5_5], serial_park_tiny_pond,
          serial_park_square1 [serial_park_minivault_5x5_6], uniq_frances
D:15:     hangedman_spin_cycle, serial_shops, uniq_nessos, uniq_kirke
Temple:   nicolae_temple_elliptical
Lair:1:   layout_regular_city, serial_rivers, chequers_serial_rivers_small_a,
          chequers_serial_rivers_micro_e, chequers_serial_rivers_micro_b,
          chequers_serial_rivers_small_3, chequers_serial_rivers_marsh,
          chequers_serial_rivers_room_b, chequers_serial_rivers_large_b
Lair:2:   cheibrodos_lair_overgrown_chateau, layout_regular_city,
          serial_bayou_pond_e, hangedman_lair_generics_rect
Lair:3:   beast_lair_carwin_large_2, layout_cave_pods, grunt_megastairs_4
Lair:4:   layout_long_grid, minmay_swamp_entry_swarm,
          nicolae_spider_entry_orb_guardian, columned_hall_lemuel,
          nicolae_quartered_pool_super, st_stairs_9,
          chequers_serial_rivers_small_a, uniq_snorg, uniq_josephine
Lair:5:   layout_small_grid, basic_altar, gammafunk_ghost_hydra_chop,
          st_stairs_9, nzn_random_ring
Lair:6:   minmay_lair_end_frog_pond, layout_misc_corridors, slime_altar_1,
          minmay_hedge_maze, kennysheep_snail_temple, lemuel_fruit_fields,
          lemuel_fruit_tree
Spider:1: layout_spider_delve, hellmonk_test_site
Spider:2: layout_spider_delve, nicolae_spider_paper_wasps,
          nicolae_spider_cling_halls, uniq_arachne
Spider:3: layout_cave_pods, nicolae_spider_not_touching_you, uniq_donald,
          uniq_nikola, uniq_jorgrun
Orc:1:    dreamdust_dug_too_deep, layout_caves, gammafunk_ghost_necromancy,
          uniq_maurice
Orc:2:    st_orc_elflike, layout_diamond_mine, portal_ice_cave_entry_pillars_1,
          serial_shops, shop_fountains, minmay_shop_enchanted_jewellery,
          mines5_lemuel

Skill      XL: |  1  2  3  4  5  6  7  8  9 10 11 12 13 14 15 16 17 |
---------------+----------------------------------------------------+-----
Spellcasting   | 3 4 5 6 8 9 10 11 13 | 13.8
Ice Magic      | 4 5 6 7 8 9 |  9.5
Fighting       | 3 4 6 8 10 11 | 11.0
Maces & Flails | 2 4 5 7 8 |  8.0
Dodging        | 3 5 7 |  7.0
Evocations     | 3 5 |  5.0
Armour         | 2 7 |  7.0
Conjurations   | 5 7 |  7.9
Earth Magic    | 5 8 9 10 | 10.5
Shields        | 2 5 6 |  6.0
Necromancy     | 3 9 11 | 11.7
Air Magic      | 3 4 |  4.2
Stealth        | |  1.5

Action                   |  1- 3 |  4- 6 |  7- 9 | 10-12 | 13-15 | 16-18 || total
-------------------------+-------+-------+-------+-------+-------+-------++-------
Melee: Unarmed           |     8 |     2 |       |       |       |       ||    10
       Short sword       |       |     3 |       |       |       |       ||     3
       Flail             |       |     9 |   143 |   469 |   497 |    42 ||  1160
       Staff             |       |       |     6 |       |       |       ||     6
       Punch             |       |       |     1 |     3 |     3 |       ||     7
       Demon whip        |       |       |       |       |       |   438 ||   438
 Cast: Freeze            |    53 |    40 |    37 |       |       |       ||   130
       Frozen Ramparts   |       |     6 |    29 |    48 |    63 |    27 ||   173
       Ozocubu's Armour  |       |     3 |    18 |    39 |    65 |     6 ||   131
       Blink             |       |       |       |    10 |     2 |       ||    12
       Stone Arrow       |       |       |       |       |   200 |    49 ||   249
       Borgnjor's Vile C |       |       |       |       |    59 |    66 ||   125
       Freezing Cloud    |       |       |       |       |       |     2 ||     2
Invok: Call Merchant     |       |       |       |     2 |     3 |       ||     5
       Potion Petition   |       |       |       |     1 |       |     6 ||     7
Evoke: Wand              |       |       |       |    38 |    17 |     2 ||    57
       Tin of tremorston |       |       |       |     1 |     1 |     2 ||     4
  Use: Scroll            |       |       |     8 |     8 |     6 |    15 ||    37
 Stab: Sleeping          |       |       |     6 |     5 |     6 |       ||    17
       Distracted        |       |       |     2 |     3 |     1 |     5 ||    11
       Paralysed         |       |       |       |    10 |       |       ||    10
       Invisible         |       |       |       |       |       |     1 ||     1
Armor: Robe              |     6 |     3 |    22 |       |       |       ||    31
       Steam dragon scal |       |       |    35 |    69 |       |       ||   104
       Leather armour    |       |       |       |   118 |   118 |       ||   236
       Chain mail        |       |       |       |       |   161 |   298 ||   459
Dodge: Dodged            |    37 |    33 |   152 |   386 |   363 |   185 ||  1156
Block: Other             |       |       |       |    49 |    81 |       ||   130
       Buckler           |       |       |       |       |   144 |   333 ||   477
       Reflection        |       |       |       |       |    20 |     2 ||    22

Table legend: (Time is in decaauts)
 A = Elapsed time spent in this place.
 B = Non-inter-level travel time spent in this place.
 C = Inter-level travel time spent in this place.
 D = Time resting spent in this place.
 E = Time spent auto-exploring this place.
 F = Levels seen in this place.
 G = Mean time per level.
                   A        B        C        D        E       F      G
               +--------+--------+--------+--------+--------+-----+--------+
         Total |  39969 |  38292 |   1677 |  10687 |  17300 |  29 | 1378.2 |
       Dungeon |  19717 |  18893 |    824 |   4492 |   8909 |  15 | 1314.5 |
        Temple |    193 |    171 |     22 |      0 |    107 |   1 |  193.0 |
          Lair |  14192 |  13616 |    576 |   4730 |   6035 |   6 | 2365.3 |
   Spider Nest |   2858 |   2769 |     89 |    929 |   1025 |   3 |  952.7 |
  Orcish Mines |   2056 |   1891 |    165 |    496 |    730 |   2 | 1028.0 |
         Trove |    103 |    103 |      0 |      0 |     13 |   1 |  103.0 |
      Ice Cave |    847 |    847 |      0 |     39 |    481 |   1 |  847.0 |
               +--------+--------+--------+--------+--------+-----+--------+

Top non-repeatable levels by time:
  Lair:5: 3561 daAuts
    D:15: 3137 daAuts
  Lair:3: 2631 daAuts
Spider:2: 2138 daAuts
  Lair:4: 2043 daAuts
  Lair:2: 2041 daAuts
  Lair:6: 2007 daAuts
  Lair:1: 1907 daAuts
    D:11: 1889 daAuts
    D:13: 1855 daAuts
     D:7: 1420 daAuts
    D:14: 1419 daAuts
   Orc:2: 1375 daAuts
    D:10: 1333 daAuts
     D:3: 1241 daAuts
